NWL (28 & UNDER)
RIVERSIDE RED BULLS @ RED DEER WRANGLERS
07/14/2030
 
TOP OF THE 1ST
Riverside Red Bulls batting - Pitching for Red Deer Wranglers : RHP Dusty Smith
Pitching: RHP Dusty Smith
Batting: RHB Bobby Miller 0-0: Ball
1-0: Ball
2-0: SINGLE (Line Drive, 8LS)
Batting: RHB John Burton 0-0: Ball
1-0: Called Strike
1-1: Foul Ball, location: 2F
1-2: Strikes out looking
Batting: SHB Enrique Uribe 0-0: Ball
1-0: Foul Ball, location: 2F
1-1: Ball
2-1: Fly out, F4 (Line Drive, 4)
Batting: LHB Gabriel Estrada 0-0: Called Strike
0-1: Ball
1-1: Ball
2-1: Called Strike
2-2: Strikes out swinging
Top of the 1st over - 0 runs, 1 hit, 0 errors, 1 left on base; Riverside 0 - Red Deer 0
BOTTOM OF THE 1ST
Red Deer Wranglers batting - Pitching for Riverside Red Bulls : RHP Ricardo Marino
Pitching: RHP Ricardo Marino
Batting: LHB Francisco Blanco 0-0: Ball
1-0: DOUBLE (Line Drive, 7LM)
Batting: RHB Xavier López 0-0: Called Strike
0-1: Foul Ball, location: 2F
0-2: Ball
1-2: Foul Ball, location: 2F
1-2: Strikes out swinging
Batting: LHB Rubén Salazar 0-0: Foul Ball, location: 2F
0-1: Swinging Strike
0-2: Ball
1-2: Strikes out swinging
Batting: RHB Steve Burton 0-0: Ball
1-0: Foul Ball, location: 2F
1-1: Called Strike
1-2: Strikes out swinging
Bottom of the 1st over - 0 runs, 1 hit, 0 errors, 1 left on base; Riverside 0 - Red Deer 0
TOP OF THE 2ND
Riverside Red Bulls batting - Pitching for Red Deer Wranglers : RHP Dusty Smith
Batting: LHB Miguel Gálvez 0-0: Foul Ball, location: 2F
0-1: Called Strike
0-2: Strikes out swinging
Batting: RHB Rich Crabtree 0-0: Ball
1-0: SINGLE (Line Drive, 89S)
Batting: RHB Luis Flores 0-0: Ball
1-0: Foul Ball, location: 2F
1-1: SINGLE (Groundball, 6M) (infield hit)
Rich Crabtree to second
Batting: RHB Steve West 0-0: Foul Ball, location: 2F
0-1: Ball
1-1: Ball
2-1: Ball
3-1: Foul Ball, location: 2F
3-2: Strikes out swinging
Batting: RHB Juan Morales 0-0: Called Strike
0-1: Foul Ball, location: 2F
0-2: Ball
1-2: Strikes out looking
Top of the 2nd over - 0 runs, 2 hits, 0 errors, 2 left on base; Riverside 0 - Red Deer 0
BOTTOM OF THE 2ND
Red Deer Wranglers batting - Pitching for Riverside Red Bulls : RHP Ricardo Marino
Batting: LHB Jorge Olvera 0-0: Called Strike
0-1: Ball
1-1: Ball
2-1: Ball
3-1: Foul Ball, location: 2F
3-2: Foul Ball, location: 2F
3-2: Foul Ball, location: 2F
3-2: Base on Balls
Batting: RHB Ben Fisher 0-0: Ball
1-0: Ball
2-0: Called Strike
2-1: Ball
3-1: SINGLE (Line Drive, 6D)
Jorge Olvera to second
Batting: RHB Rijk de Rade 0-0: Ball
1-0: Foul Ball, location: 2F
1-1: Ball
2-1: Foul Ball, location: 2F
2-2: 3-RUN HOME RUN (Flyball, 7D), Distance : 362 ft
Batting: RHB Allen Brown 0-0: Called Strike
0-1: Ball
1-1: Fly out, F5 (Line Drive, 5)
Batting: RHB Art Cameron 0-0: Foul Ball, location: 2F
0-1: SINGLE (Groundball, 4MD)
Batting: LHB Francisco Blanco 0-0: Ball
1-0: Called Strike
1-1: Swinging Strike
1-2: Ball
2-2: Fly out, F9 (Flyball, 9D)
Batting: RHB Xavier López 0-0: Ball
Art Cameron steals 2nd base
1-0: Foul Ball, location: 2F
1-1: Foul Ball, location: 2F
1-2: Strikes out swinging
Bottom of the 2nd over - 3 runs, 3 hits, 0 errors, 1 left on base; Riverside 0 - Red Deer 3
TOP OF THE 3RD
Riverside Red Bulls batting - Pitching for Red Deer Wranglers : RHP Dusty Smith
Batting: RHB Bobby Miller 0-0: Ball
1-0: Called Strike
1-1: Swinging Strike
1-2: Strikes out swinging
Batting: RHB John Burton 0-0: Foul Ball, location: 2F
0-1: Ball
1-1: Ball
2-1: SINGLE (Groundball, 34D)
Batting: SHB Enrique Uribe 0-0: Fly out, F9 (Flyball, 89S)
Batting: LHB Gabriel Estrada 0-0: Ball
1-0: Called Strike
1-1: SINGLE (Flyball, 9LS)
John Burton to second
Runner from 2nd tries for 3rd, SAFE, no throw
Batting: LHB Miguel Gálvez 0-0: Ball
1-0: Called Strike
1-1: Ball
2-1: Ball
3-1: Called Strike
3-2: Ground out 1-3 (Groundball, P)
Top of the 3rd over - 0 runs, 2 hits, 0 errors, 2 left on base; Riverside 0 - Red Deer 3
BOTTOM OF THE 3RD
Red Deer Wranglers batting - Pitching for Riverside Red Bulls : RHP Ricardo Marino
Batting: LHB Rubén Salazar 0-0: Foul Ball, location: 2F
0-1: Ball
1-1: Called Strike
1-2: Fly out, F8 (Flyball, 8RD)
Batting: RHB Steve Burton 0-0: Ball
1-0: Called Strike
1-1: Called Strike
1-2: Foul Ball, location: 2F
1-2: Foul Ball, location: 2F
1-2: Ball
2-2: Ground out 6-3 (Groundball, 6)
Batting: LHB Jorge Olvera 0-0: Called Strike
0-1: Hit by Pitch
Batting: RHB Ben Fisher 0-0: Ball
1-0: Ball
2-0: Called Strike
2-1: Called Strike
2-2: Strikes out swinging
Bottom of the 3rd over - 0 runs, 0 hits, 0 errors, 1 left on base; Riverside 0 - Red Deer 3
TOP OF THE 4TH
Riverside Red Bulls batting - Pitching for Red Deer Wranglers : RHP Dusty Smith
Batting: RHB Rich Crabtree 0-0: Hit by Pitch
Batting: RHB Luis Flores 0-0: Foul Ball, location: 2F
0-1: Ball
1-1: Ball
2-1: Ball
3-1: Called Strike
3-2: Foul Ball, location: 2F
3-2: Grounds into double play, 4-6-3 (Groundball, 4)
Batting: RHB Steve West 0-0: Ball
1-0: DOUBLE (Flyball, 8RXD)
Batting: RHB Juan Morales 0-0: Ball
1-0: DOUBLE (Flyball, 8RXD)
Steve West scores
Batting: RHB Bobby Miller 0-0: Ball
1-0: Fly out, F7 (Line Drive, 7)
Top of the 4th over - 1 run, 2 hits, 0 errors, 1 left on base; Riverside 1 - Red Deer 3
BOTTOM OF THE 4TH
Red Deer Wranglers batting - Pitching for Riverside Red Bulls : RHP Ricardo Marino
Batting: RHB Rijk de Rade 0-0: Called Strike
0-1: Ball
1-1: Foul Ball, location: 2F
1-2: Foul Ball, location: 2F
1-2: SINGLE (Line Drive, 8LM)
Batting: RHB Allen Brown 0-0: Ball
1-0: Ball
2-0: Ball
3-0: Called Strike
3-1: Called Strike
3-2: Foul Ball, location: 2F
3-2: Foul Ball, location: 2F
3-2: Base on Balls
Rijk de Rade to second
Batting: RHB Art Cameron 0-0: Foul Ball, location: 2F
0-1: Ball
1-1: Foul Ball, location: 2F
1-2: Ball
2-2: Strikes out looking
Batting: LHB Francisco Blanco 0-0: Called Strike
0-1: Swinging Strike
0-2: Strikes out looking
Batting: RHB Xavier López 0-0: Swinging Strike
0-1: SINGLE (Line Drive, 4MD)
Rijk de Rade to third
Allen Brown to second
Runner from 3rd tries for Home, SAFE, no throw
Batting: LHB Rubén Salazar 0-0: Ball
1-0: Fly out, F4 (Popup, 4S)
Bottom of the 4th over - 1 run, 2 hits, 0 errors, 2 left on base; Riverside 1 - Red Deer 4
TOP OF THE 5TH
Riverside Red Bulls batting - Pitching for Red Deer Wranglers : RHP Dusty Smith
Batting: RHB John Burton 0-0: Foul Ball, location: 2F
0-1: Ball
1-1: Called Strike
1-2: Foul Ball, location: 2F
1-2: SINGLE (Line Drive, 4M)
Batting: SHB Enrique Uribe 0-0: Swinging Strike
0-1: Ball
1-1: Ball
2-1: Fielders Choice at 2nd, 1-6 (Groundball, 13S)
Pitching: RHP Bernardo García
Batting: LHB Gabriel Estrada 0-0: Ball
1-0: Foul Ball, location: 2F
1-1: Called Strike
1-2: Fielders Choice at 2nd, 5-4 (Groundball, 5)
Batting: LHB Miguel Gálvez 0-0: Swinging Strike
0-1: Ball
1-1: DOUBLE (Line Drive, 9LS)
Gabriel Estrada to third
Runner from 3rd tries for Home, SAFE, no throw
Batting: RHB Rich Crabtree 0-0: Swinging Strike
0-1: Ball
1-1: Ball
2-1: Swinging Strike
2-2: Ball
3-2: Foul Ball, location: 2F
3-2: Strikes out swinging
Top of the 5th over - 1 run, 2 hits, 0 errors, 1 left on base; Riverside 2 - Red Deer 4
BOTTOM OF THE 5TH
Red Deer Wranglers batting - Pitching for Riverside Red Bulls : RHP Ricardo Marino
Batting: RHB Steve Burton 0-0: Called Strike
0-1: Ball
1-1: Foul Ball, location: 2F
1-2: Ball
2-2: Foul Ball, location: 2F
2-2: SINGLE (Groundball, 4MD)
Pitching: RHP Júlio Vargas
Batting: LHB Jorge Olvera 0-0: DOUBLE (Line Drive, 78D)
Steve Burton to third
Batting: RHB Ben Fisher 0-0: Swinging Strike
0-1: Ball
1-1: Foul Ball, location: 2F
1-2: Ball
2-2: Ball
3-2: Ground out 4-3 (Groundball, 4)
Steve Burton scores
Jorge Olvera to third
Batting: RHB Rijk de Rade 0-0: Called Strike
0-1: Ball
1-1: Called Strike
1-2: Foul Ball, location: 2F
1-2: Ball
2-2: Ground out 5-3 (Groundball, 5L)
Batting: RHB Allen Brown 0-0: Ball
1-0: Ball
2-0: Called Strike
2-1: Foul Ball, location: 2F
2-2: Strikes out swinging
Bottom of the 5th over - 1 run, 2 hits, 0 errors, 1 left on base; Riverside 2 - Red Deer 5
TOP OF THE 6TH
Riverside Red Bulls batting - Pitching for Red Deer Wranglers : RHP Bernardo García
Batting: RHB Luis Flores 0-0: Ball
1-0: Ball
2-0: Ground out 6-3 (Groundball, 56)
Batting: RHB Steve West 0-0: Called Strike
0-1: Called Strike
0-2: Foul Ball, location: 2F
0-2: Ball
1-2: Ball
2-2: Strikes out looking
Batting: RHB Juan Morales 0-0: Called Strike
0-1: Ball
1-1: Foul Ball, location: 2F
1-2: Ground out 6-3 (Groundball, 6)
Top of the 6th over - 0 runs, 0 hits, 0 errors, 0 left on base; Riverside 2 - Red Deer 5
BOTTOM OF THE 6TH
Red Deer Wranglers batting - Pitching for Riverside Red Bulls : RHP Júlio Vargas
Batting: RHB Art Cameron 0-0: Ball
1-0: Ball
2-0: Ground out 4-3 (Groundball, 4MD)
Batting: LHB Francisco Blanco 0-0: Called Strike
0-1: Ball
1-1: Ball
2-1: DOUBLE (Flyball, 78D)
Batting: RHB Xavier López 0-0: Ball
1-0: Swinging Strike
1-1: Ball
2-1: Ball
3-1: Base on Balls
Batting: LHB Rubén Salazar 0-0: Ball
1-0: Ball
2-0: Called Strike
2-1: DOUBLE (Groundball, 3L)
Francisco Blanco scores
Xavier López to third
Batting: RHB Steve Burton 0-0: Fly out, F8 (Flyball, 8RM)
Runner from 3rd tags up, SCORES, throw made
Batting: LHB Jorge Olvera 0-0: Ball
1-0: Foul Ball, location: 2F
1-1: Foul Ball, location: 2F
1-2: Foul Ball, location: 2F
1-2: Foul Ball, location: 2F
1-2: Foul Ball, location: 2F
1-2: Hit by Pitch
Batting: RHB Ben Fisher 0-0: Ball
1-0: Ball
2-0: Called Strike
2-1: Foul Ball, location: 2F
2-2: Fly out, F9 (Flyball, 89XD)
Bottom of the 6th over - 2 runs, 2 hits, 0 errors, 2 left on base; Riverside 2 - Red Deer 7
TOP OF THE 7TH
Riverside Red Bulls batting - Pitching for Red Deer Wranglers : RHP Bernardo García
Batting: RHB Bobby Miller 0-0: Called Strike
0-1: Ball
1-1: Called Strike
1-2: Ball
2-2: Strikes out swinging
Batting: RHB John Burton 0-0: Ball
1-0: Foul Ball, location: 2F
1-1: Ball
2-1: Foul Ball, location: 2F
2-2: Foul Ball, location: 2F
2-2: Fly out, F9 (Flyball, 89S)
Batting: SHB Enrique Uribe 0-0: Ball
1-0: Ball
2-0: Swinging Strike
2-1: Ball
3-1: Base on Balls
Batting: LHB Gabriel Estrada 0-0: Ball
1-0: Ball
2-0: Called Strike
2-1: Foul Ball, location: 2F
2-2: Hit by Pitch
Enrique Uribe to second
Batting: LHB Miguel Gálvez 0-0: Ball
1-0: Called Strike
1-1: Swinging Strike
1-2: Foul Ball, location: 2F
1-2: SINGLE (Groundball, 34D)
Enrique Uribe to third
Gabriel Estrada to second
Runner from 3rd tries for Home, SAFE, no throw
Pitching: RHP César Amaya
Batting: RHB Rich Crabtree 0-0: Ball
1-0: Ball
2-0: Ground out U3 (Groundball, 34)
Top of the 7th over - 1 run, 1 hit, 0 errors, 2 left on base; Riverside 3 - Red Deer 7
BOTTOM OF THE 7TH
Red Deer Wranglers batting - Pitching for Riverside Red Bulls : RHP Júlio Vargas
Pitching: LHP Monty Williams
Batting: RHB Rijk de Rade 0-0: Ball
1-0: Called Strike
1-1: Called Strike
1-2: Strikes out looking
Batting: RHB Allen Brown 0-0: Ball
1-0: Swinging Strike
1-1: Swinging Strike
1-2: Strikes out swinging
Batting: RHB Art Cameron 0-0: Called Strike
0-1: Fly out, F9 (Flyball, 89M)
Bottom of the 7th over - 0 runs, 0 hits, 0 errors, 0 left on base; Riverside 3 - Red Deer 7
TOP OF THE 8TH
Riverside Red Bulls batting - Pitching for Red Deer Wranglers : RHP César Amaya
Batting: RHB Luis Flores 0-0: Ball
1-0: SINGLE (Line Drive, 89S)
Batting: RHB Steve West 0-0: Ball
1-0: Swinging Strike
1-1: Fly out, F9 (Flyball, 9S)
Batting: RHB Juan Morales 0-0: Grounds into double play, 1-4-3 (Groundball, 15S)
Top of the 8th over - 0 runs, 1 hit, 0 errors, 0 left on base; Riverside 3 - Red Deer 7
BOTTOM OF THE 8TH
Red Deer Wranglers batting - Pitching for Riverside Red Bulls : LHP Monty Williams
Batting: LHB Francisco Blanco 0-0: Ground out 6-3 (Groundball, 6M)
Batting: RHB Xavier López 0-0: Ball
1-0: Ball
2-0: Reached on error, E5 (Groundball, 56)
Batting: LHB Rubén Salazar 0-0: Ball
1-0: Ball
2-0: Ball
3-0: Foul Ball, location: 2F
3-1: Base on Balls
Xavier López to second
Batting: RHB Steve Burton 0-0: Foul Ball, location: 2F
0-1: Ball
1-1: Ball
2-1: Swinging Strike
2-2: Strikes out swinging
Batting: LHB Jorge Olvera 0-0: Ball
1-0: Called Strike
1-1: Fielders Choice at 2nd, 6-4 (Groundball, 56)
Bottom of the 8th over - 0 runs, 0 hits, 1 error, 2 left on base; Riverside 3 - Red Deer 7
TOP OF THE 9TH
Riverside Red Bulls batting - Pitching for Red Deer Wranglers : RHP César Amaya
Batting: RHB Bobby Miller 0-0: Called Strike
0-1: SINGLE (Flyball, 78S)
Batting: RHB John Burton 0-0: Ball
1-0: Foul Ball, location: 2F
1-1: Swinging Strike
1-2: Ball
2-2: Ground out 4-3 (Groundball, 4S)
Bobby Miller to second
Batting: SHB Enrique Uribe 0-0: Called Strike
0-1: Foul Ball, location: 2F
0-2: Ball
1-2: Ball
2-2: Ball
3-2: Base on Balls
Pitching: RHP Raúl Zumaya
Batting: LHB Gabriel Estrada 0-0: Foul Ball, location: 2F
0-1: Ball
1-1: Foul Ball, location: 2F
1-2: Ball
2-2: Strikes out swinging
Batting: LHB Miguel Gálvez 0-0: Ball
1-0: Fly out, F8 (Flyball, 8LD)
Top of the 9th over - 0 runs, 1 hit, 0 errors, 2 left on base; Riverside 3 - Red Deer 7
Saturday, April 7th, 2018 - OOTP Baseball 18.8 Build 76